 Dungeon Crawl Stone Soup version 0.19.1-1-g22dce08 (webtiles) character file.

109 galech the Skirmisher (level 4, 0/45 HPs)
             Began as a Troll Fighter on Jan 5, 2017.
             Slain by a gnoll (2 damage)
             ... on level 1 of the Dungeon.
             The game lasted 00:03:04 (1294 turns).

galech the Skirmisher (Troll Fighter)               Turns: 1294, Time: 00:03:05

Health: 0/45       AC:  5    Str: 25    XL:     4   Next: 59%
Magic:  3/3        EV:  8    Int: -1    God:
Gold:   110        SH:  8    Dex:  9    Spells: 0 memorised, 3 levels left

rFire  . . .     SeeInvis .     a - +0 flail
rCold  . . .     Gourm    +     b - +0 robe
rNeg   . . .     Faith    .     c - +0 shield
rPois  .         Spirit   .     (helmet restricted)
rElec  .         Reflect  .     (no cloak)
rCorr  .         Harm     .     (gloves unavailable)
MR     .....                    (boots unavailable)
Stlth  +.........               (no amulet)
                                (no ring)
                                k - -5 ring of intelligence (curse)

@: lethally poisoned (0 -> -1), slowed, lost intelligence, very slow
A: unfitting armour, claws 3, fast metabolism 3, gourmand, regeneration 1,
shaggy fur 1, tough skin 2
a: no special abilities


You were on level 1 of the Dungeon.
You were full.

You visited 1 branch of the dungeon, and saw 2 of its levels.

You collected 110 gold pieces.

Inventory:

Hand Weapons
 a - a +0 flail (weapon)
Armour
 b - a +0 robe (worn)
 c - a +0 shield (worn)
Jewellery
 k - a cursed -5 ring of intelligence (left claw)
Scrolls
 g - a scroll of fear {unknown}
 l - a scroll of immolation {unknown}
 m - a scroll of amnesia {unknown}
 o - a scroll of remove curse {unknown}
Potions
 d - a potion of might
 e - a potion of mutation {unknown}
 h - a potion of haste {unknown}
 i - 2 potions of lignification {unknown}
Comestibles
 f - 5 bread rations
 j - a meat ration
 n - a beef jerky


   Skills:
 + Level 3.4 Fighting
 + Level 2.8 Maces & Flails
 + Level 3.1 Dodging
 - Level 2.4 Shields


You had 3 spell levels left.
You didn't know any spells.

Dungeon Overview and Level Annotations

Branches:
Dungeon (2/15)

Altars:
Cheibriados


Innate Abilities, Weirdness & Mutations

You are too large for most types of armour.
You have claws for hands.
Your metabolism is lightning-fast.
You like to eat raw meat.
Your natural rate of healing is unusually fast.
You are covered in fur. (AC +1)
You have very tough skin. (AC +2)


Message History

You are more poisoned.
The adder poisons you! The gnoll barely misses you.
You closely miss the adder.
You feel sick. The adder bites you but does no damage.
You block the gnoll's attack. You block the adder's attack.
You miss the adder.
You feel sick. The adder barely misses you. The gnoll closely misses you.
You block the adder's attack. The gnoll hits you.
* * * LOW HITPOINT WARNING * * *
The adder barely misses you.
You barely miss the adder.
You feel sick. The gnoll hits you.
* * * LOW HITPOINT WARNING * * *
The adder bites you but does no damage. The adder bites you.
* * * LOW HITPOINT WARNING * * *
The gnoll hits you but does no damage.
You sock the adder!
You kill the adder!
You feel sick. You block the gnoll's attack. The gnoll barely misses you.
You block the gnoll's attack. x2
The gnoll hits you.
You die...

# #.........# ##.##........... #
#.........# #.......#.##.### #
#......#### #######.#.##.#
################## #...#.##.#
.................#####.###.##.#
################[##....#....#.#
#.##.####.#..#.#
#.##.##...#..#.### ##
#@##.##.###..#.#.. .#
#.g..##........#.. .#
#..............#..
.###############.....(...#..#.##.
.##)..........##.........#.......
.##...........##.#.#####.#....###
.##....)......##.........#..#####
..............#####.######.......
.......##......# #.# #.######


You could see a gnoll.

Vanquished Creatures
  4 gnolls
  2 adders
  An ooze (D:2)
  A worm (D:1)
  2 dart slugs
  A leopard gecko (D:1)
  4 giant cockroaches
  4 goblins
  6 hobgoblins
  6 bats
  3 frilled lizards
  3 kobolds
  7 rats
44 creatures vanquished.

Notes
Turn   | Place    | Note
-------+----------+-------------------------------------------
     0 | D:1      | galech the Troll Fighter began the quest for the Orb.
     0 | D:1      | Reached XP level 1. HP: 22/22 MP: 0/0
   111 | D:1      | HP: 1/22 [kobold/short sword (5)]
   151 | D:1      | Reached XP level 2. HP: 23/29 MP: 1/1
   385 | D:1      | Lost intelligence.
   591 | D:1      | Reached XP level 3. HP: 36/36 MP: 2/2
   919 | D:2      | Reached XP level 4. HP: 38/45 MP: 3/3
  1088 | D:2      | Found a snail-covered altar of Cheibriados.
  1291 | D:1      | HP: 1/45 [adder (2)]
  1294 | D:1      | Slain by a gnoll

Skill      XL: |  1  2  3 |
---------------+----------+-----
Maces & Flails | 2 |  2.8
Fighting       | 3 |  3.4
Dodging        | 3 |  3.1
Shields        | |  2.4

Action                   |  1- 3 |  4- 6 || total
-------------------------+-------+-------++-------
Melee: Flail             |    87 |    56 ||   143
  Eat: Chunk             |    16 |     3 ||    19
Armor: Robe              |    29 |    46 ||    75
Dodge: Dodged            |    32 |    57 ||    89
Block: Shield            |    47 |    72 ||   119
